 Dungeon Crawl Stone Soup version 0.26-a0-651-gb41185065b (webtiles) character file.

Game seed: 11921337280802531701

203356 Arthanis the Severer (level 18, -1/117 HPs)
             Began as a Gargoyle Berserker on Oct 31, 2020.
             Was the Champion of Trog.
             Slain by an emperor scorpion (5 damage)
             ... on level 4 of the Spider Nest.
             The game lasted 01:01:38 (35841 turns).

Arthanis the Severer (Gargoyle Berserker)          Turns: 35841, Time: 01:01:39

Health: -1/117     AC: 35    Str: 33    XL:     18   Next: 61%
Magic:  18/18      EV: 24    Int: 17    God:    Trog [******]
Gold:   892        SH: 13    Dex: 12    Spells: 17/17 levels left

rFire    + . .     SeeInvis +   a - +2 broad axe "Jacutu Wiugu" {vorpal, *Slow +Inv rF+ Str+3}
rCold    . . .     Faith    .   B - +2 kite shield {AC+3}
rNeg     + . .     Spirit   .   k - +0 plate armour
rPois    ∞         Reflect  .   S - +0 helmet
rElec    +         Harm     .   v - +0 cloak
rCorr    .         Rampage  .   C - +0 pair of gloves {Dex+3}
MR       +++..                  X - +0 pair of boots
Stlth    ..........             t - amulet "Esaur" {Acrobat *Corrode +Blink Int+4 Stlth+}
HPRegen  1.29/turn              D - ring of see invisible
MPRegen  0.16/turn              u - +6 ring of strength

@: about to teleport, corroded, berserk cooldown, acrobat, flying, regenerating
A: big wings, negative energy resistance 1, electricity resistance, unbreathing,
petrification resistance, rot immunity, AC +13
}: 1/15 runes: decaying
a: Stop Flying, Berserk, Trog's Hand, Brothers in Arms, Renounce Religion, Evoke
Blink, Evoke Invisibility


You were on level 4 of the Spider Nest.
You worshipped Trog.
Trog was exalted by your worship.
You visited 5 branches of the dungeon, and saw 31 of its levels.
You also visited: Sewer, Ossuary and Ice Cave.

You collected 3550 gold pieces.
You spent 2658 gold pieces at shops.

Inventory:

Hand Weapons
 a - the +2 broad axe "Jacutu Wiugu" (weapon) {vorpal, *Slow +Inv rF+ Str+3}
   (Trog gifted it to you on level 10 of the Dungeon)

   It inflicts extra damage upon your enemies.
   It affects your strength (+3).
   It protects you from fire.
   It lets you turn invisible.
   It may slow you when you take damage.
 b - the +1 broad axe of the Spheres {flame, rC+ MR- Int+4 Dex+4}
   (Trog gifted it to you on level 12 of the Dungeon)

   It has been specially enchanted to burn those struck by it, causing extra
   injury to most foes and up to half again as much damage against particularly
   susceptible opponents.
   Big, fiery blades are also staple armaments of hydra-hunters.
   It affects your intelligence (+4).
   It affects your dexterity (+4).
   It protects you from cold.
   It affects your resistance to hostile enchantments.
 y - a +0 executioner's axe of freezing
 H - a +1 trident of protection
 R - a +2 vorpal battleaxe
 W - a +1 antimagic broad axe
Missiles
 M - 2 throwing nets (quivered)
Armour
 k - a +0 plate armour (worn)
 v - a +0 cloak (worn)
 B - a +2 kite shield of protection (worn)
 C - a +0 pair of gloves of dexterity (worn)
 S - a +0 helmet (worn)
 X - a +0 pair of boots (worn)
Jewellery
 t - the amulet "Esaur" (around neck) {Acrobat *Corrode +Blink Int+4 Stlth+}
   (You took it off a boggart on level 6 of the Lair of Beasts)

   [amulet of the acrobat]

   It helps you evade while moving and waiting.
   It affects your intelligence (+4).
   It lets you blink.
   It may corrode you when you take damage.
   It makes you more stealthy.
 u - a +6 ring of strength (right hand)
 w - a +4 ring of evasion
 D - a ring of see invisible (left hand)
 L - an uncursed ring of resist corrosion
 Z - an uncursed amulet of regeneration
Wands
 d - a wand of iceblast (64)
 I - a wand of paralysis (17)
 P - a wand of digging (21)
 Q - a wand of acid (27)
 U - a wand of random effects (21)
Scrolls
 e - 9 scrolls of enchant weapon
 f - 12 scrolls of magic mapping
 h - 17 scrolls of remove curse
 p - 25 scrolls of teleportation
 s - 2 scrolls of silence
 x - 5 scrolls of fog
 z - 2 scrolls of identify
 E - 2 scrolls of blinking
 F - 2 scrolls of vulnerability
 G - 2 scrolls of immolation
 K - 5 scrolls of enchant armour
 O - a scroll of fear
 V - a scroll of holy word
Potions
 c - 2 potions of mutation
 g - 6 potions of lignification
 i - 8 potions of brilliance
 j - 7 potions of heal wounds
 l - 22 potions of curing
 m - a potion of experience
 n - 8 potions of might
 o - 6 potions of cancellation
 q - a potion of resistance
 r - 4 potions of ambrosia
 A - 2 potions of berserk rage
 J - a potion of invisibility
 N - a potion of stabbing
 T - a potion of magic
Miscellaneous
 Y - a lightning rod (4/4)


   Skills:
 + Level 14.6 Fighting
 * Level 20.2 Axes
 + Level 13.2 Armour
 - Level 6.1 Dodging
 - Level 4.1 Shields
 - Level 12.1 Evocations


You had 17 spell levels left.
You didn't know any spells.
Your spell library contained the following spells:

 Spells                   Type           Power        Failure   Level
 Beastly Appendage        Tmut           #.....       99%         1
 Corona                   Hex            #......      99%         1
 Freeze                   Ice            #...         99%         1
 Magic Dart               Conj           #...         99%         1
 Summon Small Mammal      Summ           #...         99%         1
 Blink                    Tloc           N/A          100%        2
 Call Imp                 Summ           #.......     100%        2
 Ensorcelled Hibernation  Hex/Ice        #.....       100%        2
 Slow                     Hex            #.......     100%        2
 Wereblood                Tmut           #.......     100%        2
 Call Canine Familiar     Summ           #.......     100%        3
 Confusing Touch          Hex            #.......     100%        3
 Conjure Flame            Conj/Fire      #.......     100%        3
 Dazzling Flash           Conj/Hex       #.....       100%        3
 Frozen Ramparts          Ice            #.....       100%        3
 Inner Flame              Hex/Fire       #.......     100%        3
 Mephitic Cloud           Conj/Pois/Air  #.......     100%        3
 Ozocubu's Armour         Ice            #.......     100%        3
 Portal Projectile        Hex/Tloc       #.....       100%        3
 Spider Form              Tmut/Pois      #.........   100%        3
 Summon Guardian Golem    Hex/Summ       #.......     100%        3
 Tukima's Dance           Hex            #.......     100%        3
 Animate Dead             Necr           #.........   100%        4
 Cause Fear               Hex            #.........   100%        4
 Hailstorm                Conj/Ice       #.......     100%        4
 Ice Form                 Ice/Tmut       #.......     100%        4
 Leda's Liquefaction      Hex/Erth       #.........   100%        4
 Summon Ice Beast         Ice/Summ       #.......     100%        4
 Summon Lightning Spire   Summ/Air       #.......     100%        4
 Blade Hands              Tmut           #.........   100%        5
 Borgnjor's Vile Clutch   Necr/Erth      #.........   100%        5
 Metabolic Englaciation   Hex/Ice        #.........   100%        5
 Silence                  Hex/Air        #.........   100%        5
 Conjure Ball Lightning   Conj/Air       #.........   100%        6
 Death Channel            Necr           #.........   100%        6
 Freezing Cloud           Conj/Ice/Air   #.........   100%        6
 Ozocubu's Refrigeration  Ice            #.........   100%        6
 Simulacrum               Ice/Necr       #.........   100%        6
 Tornado                  Air            #.........   100%        9


Dungeon Overview and Level Annotations

Branches:
Dungeon (15/15)            Temple (0/1) D:7            Lair (6/6) D:9
  Swamp (4/4) Lair:2       Spider (4/4) Lair:4        Slime (0/5) Lair:5
    Orc (2/2) D:12            Elf (0/3) Orc:2        Vaults (0/5) D:13
 Depths (0/5) D:15          Sewer (visited)         Ossuary (visited)
  IceCv (visited)

Altars:
Ashenzari
Cheibriados
Gozag
Hepliaklqana
Kikubaaqudgha
Nemelex Xobeh
Trog
Vehumet
Wu Jian
Xom
Beogh

Shops:
D:4 [   D:5 ?*   D:6 (   D:12 [   D:15 *?   Orc:1 *   Orc:2 *(!=

Annotations:
D:3 2 transporters
D:6 2 transporters
Lair:3 exclusion: oklob plant
Lair:5 1 transporter, Vapoigau's ghost, journeyman HOFi
Swamp:2 3 runed translucent doors, Siahiq's ghost, adept GrEE
Orc:1 2 transporters, Finra's ghost, journeyman GrBe


Innate Abilities, Weirdness & Mutations

You are resistant to torment.
Your stone body is resilient. (AC +13)
You are immune to poison.
Your large and strong wings let you fly indefinitely.
You resist negative energy. (rN+)
You are resistant to electric shocks. (rElec)
You can survive without breathing.
You are immune to petrification.
You are immune to rotting.


Message History

The emperor scorpion barely misses you. The emperor scorpion claws you.
* * * LOW HITPOINT WARNING * * *
You block the emperor scorpion's attack.
You hear an angry hiss.
You hear an angry hiss.
The redback bites you.
* * * LOW HITPOINT WARNING * * *
The emperor scorpion stings you but does no damage.
The emperor scorpion claws you but does no damage. x2
The redback completely misses you.
You hear an angry hiss.
The redback bites you!
* * * LOW HITPOINT WARNING * * *
The emperor scorpion is caught in a web!
The redback completely misses you. The emperor scorpion misses you.
The emperor scorpion claws you but does no damage.
The emperor scorpion closely misses you.
The emperor scorpion stings you but does no damage.
The emperor scorpion claws you.
You die...

##$....##
##...^.$^#
#.......^#
#....###.#
#....# ≈#
#s.y##
#.s.#


#sss# #)@.# ##.†## #.†^# #...# ##^.# #..# #^.# ##..# #≈.^## You could see 3
emperor scorpions, a moth of wrath, an orb spider (charged) and a redback
(berserk).

Vanquished Creatures
  Arachne (Spider:3)
  Jorgrun (Spider:2)
  Rupert (Lair:3)
  Kirke (D:15)
  Frances (Swamp:2)
  6 thorn hunters
  Donald (Spider:4)
  Aizul (Spider:3)
  4 emperor scorpions
  An entropy weaver (Spider:1)
  A fire dragon (D:14)
  Josephine (D:12)
  2 ogre magi
  Fannar (D:12)
  A ghost crab (Swamp:3)
  22 hydras
  3 shambling mangroves
  A centaur warrior (D:13)
  8 alligators
  A catoblepas (D:13)
  12 two-headed ogres
  2 tengu warriors (D:14)
  A death yak (Lair:6)
  An orc high priest (Orc:2)
  A spriggan berserker (Swamp:4)
  Nergalle (D:12)
  3 skeletal warriors
  5 unseen horrors
  A spriggan druid (Swamp:2)
  9 swamp dragons
  2 necromancers
  2 orc knights (D:15)
  A wizard (D:15)
  3 deep elf magi
  15 orb spiders
  8 orc sorcerers
  5 manticores
  5 ugly things
  25 wolf spiders
  2 moths of wrath
  2 cyclopes
  17 elephants
  An ice statue (IceCv)
  2 naga magi (D:15)
  4 black mambas
  3 torpor snails
  10 cane toads
  Maggie (Lair:1)
  A centaur skeleton (D:15)
  An efreet (D:13)
  A rime drake (Lair:6)
  10 freezing wraiths (IceCv)
  7 komodo dragons
  13 demonic crawlers
  5 yaktaurs (D:15)
  7 trolls
  7 polar bears (Lair:6)
  3 meliai (Spider:3)
  25 jumping spiders
  4 tengu conjurers
  24 hornets
  12 tyrant leeches
  Prince Ribbit (Lair:1)
  12 bog bodies
  10 slime creatures
  9 hippogriffs
  7 dream sheep
  8 blink frogs
  3 shadows
  33 tarantellas
  67 redbacks
  19 yaks
  22 spriggans
  7 wraiths
  5 wyverns
  A tarantella (shapeshifter) (D:13)
  4 basilisks
  A yak (shapeshifter) (D:13)
  4 hogs (D:15)
  13 vampire mosquitoes
  2 wargs (Orc:1)
  13 swamp worms
  A soldier ant (D:14)
  2 acid dragons
  10 water moccasins
  6 porcupines
  26 orc warriors
  16 swamp drakes
  A necrophage (D:8)
  2 black bears
  10 ice beasts
  5 sky beasts
  4 boggarts (Lair:6)
  22 centaurs
  14 ogres
  10 crocodiles
  17 wolves (Lair:6)
  14 bullfrogs
  4 big kobolds
  2 gnoll sergeants
  A water moccasin zombie (D:7)
  2 wyvern zombies
  A wyvern skeleton (D:9)
  6 scorpions
  19 killer bees
  A swamp dragon simulacrum (IceCv)
  An elephant simulacrum (IceCv)
  A vampire bat (Lair:1)
  11 wights
  2 electric eels
  5 howler monkeys
  3 jellies
  A bullfrog zombie (D:12)
  4 centaur zombies
  A draconian simulacrum (IceCv)
  47 orc wizards
  3 hounds
  35 orc priests
  Crazy Yiuf (D:6)
  A human zombie (Ossuary)
  Ijyb (D:3)
  Terence (D:3)
  9 iguanas
  15 worker ants
  2 troll simulacra (IceCv)
  5 spriggan simulacra (IceCv)
  2 wolf simulacra (IceCv)
  A big kobold zombie (Ossuary)
  6 centaur simulacra
  A hound skeleton (D:5)
  3 mummies
  A worker ant zombie (D:6)
  8 gnolls
  2 river rats (D:6)
  7 adders
  7 naga simulacra (IceCv)
  An ogre simulacrum (IceCv)
  3 shadow imps
  15 white imps
  3 ufetubi
  9 oozes
  An adder zombie (D:8)
  An adder skeleton (D:5)
  2 worms
  4 dart slugs
  19 leopard geckos
  124 orcs
  15 bats
  17 giant cockroaches
  9 hobgoblins
  11 jackals
  24 kobolds
  A quokka (D:2)
  16 ball pythons
  11 frilled lizards
  4 gnoll zombies (Ossuary)
  6 goblins
  A goblin zombie (D:4)
  6 hobgoblin zombies
  An orc zombie (Ossuary)
  2 quokka skeletons
  A quokka zombie (D:5)
  11 rats
  11 briar patches
1276 creatures vanquished.

Vanquished Creatures (collateral kills)
  2 orb spiders
  2 jumping spiders
  3 redbacks (Spider:1)
7 creatures vanquished.

Vanquished Creatures (others)
  2 alligators (Swamp:3)
  An orb spider (Spider:2)
  A jumping spider (Spider:2)
  A tarantella (Spider:2)
  An orc priest (Orc:2)
  A goblin (D:1)
  6 briar patches
  12 fungi
  18 plants
43 creatures vanquished.

Grand Total: 1326 creatures vanquished

Notes
Turn   | Place    | Note
-------+----------+-------------------------------------------
     0 | D:1      | Arthanis the Gargoyle Berserker began the quest for the
                  | Orb.
     0 | D:1      | Reached XP level 1. HP: 14/14 MP: 1/1
   368 | D:1      | Reached XP level 2. HP: 15/19 MP: 2/2
   378 | D:1      | Reached skill level 3 in Axes
   615 | D:1      | Reached XP level 3. HP: 14/23 MP: 3/3
   630 | D:1      | Reached ** piety under Trog
  1069 | D:2      | Reached XP level 4. HP: 15/29 MP: 4/4
  1852 | D:3      | Reached skill level 4 in Axes
  1852 | D:3      | Reached XP level 5. HP: 11/33 MP: 5/5
  2075 | D:3      | Found an opulent altar of Gozag.
  2075 | D:3      | Noticed a hornet
  2076 | D:3      | Found a shimmering altar of Xom.
  2077 | D:3      | Found a broken altar of Ashenzari.
  2080 | D:3      | Found a transporter.
  2104 | D:3      | Noticed Terence
  2110 | D:3      | Killed Terence
  2131 | D:3      | Found a transporter.
  2289 | D:3      | Found a bloodstained altar of Trog.
  2344 | D:3      | Found a hazy altar of Hepliaklqana.
  2554 | D:3      | Noticed Ijyb
  2570 | D:3      | Killed Ijyb
  2570 | D:3      | Reached *** piety under Trog
  2570 | D:3      | Reached XP level 6. HP: 39/39 MP: 6/6
  2588 | D:3      | Found a sparkling altar of Nemelex Xobeh.
  2787 | D:4      | Found Abbum's Antique Armour Boutique.
  2807 | D:4      | Bought a kite shield for 148 gold pieces
  3033 | D:4      | Found a sand-covered staircase.
  3044 | Ossuary  | Entered an ossuary
  3103 | Ossuary  | Reached skill level 1 in Shields
  3127 | Ossuary  | Reached skill level 5 in Axes
  3170 | Ossuary  | Reached XP level 7. HP: 27/44 MP: 7/7
  3545 | D:4      | Got a heavily runed chain mail
  3556 | D:4      | Identified the +7 chain mail of Disguise {Harm rCorr} (You
                  | found it on level 4 of the Dungeon)
  3918 | D:4      | Found a radiant altar of Vehumet.
  3928 | D:4      | Reached skill level 5 in Fighting
  4374 | D:5      | Entered Level 5 of the Dungeon
  4424 | D:5      | Found Tatz's Magic Scroll Shop.
  4428 | D:5      | Bought a scroll of identify for 22 gold pieces
  4428 | D:5      | Bought a scroll of identify for 22 gold pieces
  4428 | D:5      | Bought a scroll of identify for 22 gold pieces
  4428 | D:5      | Bought a scroll of teleportation for 33 gold pieces
  4428 | D:5      | Bought a scroll of identify for 22 gold pieces
  4428 | D:5      | Bought a scroll of magic mapping for 38 gold pieces
  4428 | D:5      | Bought a scroll of fog for 22 gold pieces
  4428 | D:5      | Bought a scroll of teleportation for 33 gold pieces
  4428 | D:5      | Bought a scroll of amnesia for 38 gold pieces
  4428 | D:5      | Bought a scroll of immolation for 38 gold pieces
  4428 | D:5      | Bought a scroll of remove curse for 33 gold pieces
  4443 | D:5      | Found a sparkling altar of Nemelex Xobeh.
  4522 | D:5      | Reached **** piety under Trog
  4872 | D:5      | Reached XP level 8. HP: 50/50 MP: 8/8
  4880 | D:5      | Reached skill level 6 in Axes
  4880 | D:5      | Reached skill level 5 in Armour
  4994 | D:5      | Found Pori's General Store.
  4998 | D:5      | Bought a potion of curing for 30 gold pieces
  5416 | D:6      | Noticed a kobold demonologist
  5433 | D:6      | Found a transporter.
  5438 | D:6      | Noticed a kobold demonologist
  5445 | D:6      | Found a transporter.
  5552 | D:6      | Found Ceklitu's Weapon Emporium.
  5598 | D:6      | Reached skill level 7 in Axes
  5678 | D:6      | Found a glowing drain.
  5696 | Sewer    | Entered a sewer
  5886 | Sewer    | Reached XP level 9. HP: 53/56 MP: 9/9
  5895 | Sewer    | Reached ***** piety under Trog
  6278 | D:6      | Found a runed translucent door.
  6279 | D:6      | Noticed Crazy Yiuf
  6332 | D:6      | Killed Crazy Yiuf
  6518 | D:7      | Found a staircase to the Ecumenical Temple.
  6588 | D:7      | Found an ornate altar of the Wu Jian Council.
  6699 | D:7      | Reached skill level 8 in Axes
  7030 | D:7      | Reached skill level 1 in Evocations
  7619 | D:8      | Got a masterwork falchion
  7982 | D:8      | Reached skill level 9 in Axes
  8043 | D:8      | Found an ancient bone altar of Kikubaaqudgha.
  8192 | D:9      | Reached XP level 10. HP: 61/64 MP: 10/10
  8547 | D:9      | Noticed a two-headed ogre
  8549 | D:9      | Noticed an elephant
  8558 | D:9      | Killed a two-headed ogre
  8569 | D:9      | Killed an elephant
  8569 | D:9      | Reached skill level 10 in Axes
  8648 | D:9      | Found a staircase to the Lair.
  8669 | D:9      | Found a snail-covered altar of Cheibriados.
  9382 | D:10     | Entered Level 10 of the Dungeon
  9591 | D:10     | Noticed a skeletal warrior
  9746 | D:10     | Killed a skeletal warrior
  9746 | D:10     | Reached skill level 11 in Axes
  9746 | D:10     | Reached XP level 11. HP: 72/72 MP: 11/11
  9751 | D:10     | Noticed a skeletal warrior
  9807 | D:9      | Killed a skeletal warrior
  9807 | D:9      | Reached skill level 10 in Fighting
  9963 | D:10     | Killed an unseen horror
 10173 | D:10     | Noticed a skeletal warrior
 10190 | D:10     | Killed a skeletal warrior
 10190 | D:10     | Received a gift from Trog
 10194 | D:10     | Got a smoking broad axe {god gift}
 10195 | D:10     | Identified the +2 broad axe "Jacutu Wiugu" {vorpal, *Slow
                  | +Inv rF+ Str+3} (Trog gifted it to you on level 10 of the
                  | Dungeon)
 10403 | D:10     | You fall into a shaft and drop 2 floors!
 10434 | D:12     | Reached skill level 12 in Axes
 10649 | D:12     | Noticed a manticore
 10729 | D:11     | Got a twisted flail
 11040 | D:11     | Killed an unseen horror
 11041 | D:11     | Noticed a two-headed ogre
 11051 | D:11     | Killed a two-headed ogre
 11051 | D:11     | Reached skill level 5 in Evocations
 11051 | D:11     | Reached XP level 12. HP: 79/79 MP: 12/12
 11063 | D:11     | Identified the cursed +0 falchion of Tumult {venom, Dex+4}
                  | (You found it on level 8 of the Dungeon)
 11064 | D:11     | Identified the +9 flail of Daneryil {holy, Str+7} (You
                  | found it on level 11 of the Dungeon)
 11489 | D:11     | Noticed a two-headed ogre
 11498 | D:11     | Killed a two-headed ogre
 11498 | D:11     | Reached ****** piety under Trog
 12030 | D:12     | Received a gift from Trog
 12034 | D:12     | Reached skill level 13 in Axes
 12046 | D:12     | Got a transparent broad axe {god gift}
 12050 | D:12     | Identified the +1 broad axe of the Spheres {flame, rC+ MR-
                  | Int+4 Dex+4} (Trog gifted it to you on level 12 of the
                  | Dungeon)
 12062 | D:12     | Noticed Fannar
 12065 | D:12     | Identified the +1 robe of the Guild-Master {Harm}
 12080 | D:12     | Killed Fannar
 12258 | D:12     | Noticed Josephine
 12267 | D:12     | Killed Josephine
 12302 | D:12     | Found Quxkot's Armour Emporium.
 12312 | D:12     | Found a roughly hewn altar of Beogh.
 12314 | D:12     | Found a staircase to the Orcish Mines.
 12579 | D:12     | Noticed Nergalle
 12590 | D:12     | Killed Nergalle
 12790 | D:13     | HP: 6/120 [very large slime creature (39)]
 13125 | D:13     | Noticed a catoblepas
 13139 | D:13     | Killed a catoblepas
 13245 | D:13     | Found a shimmering altar of Xom.
 13245 | D:13     | Found a shimmering altar of Xom.
 13245 | D:13     | Found a shimmering altar of Xom.
 13245 | D:13     | Found a shimmering altar of Xom.
 13246 | D:13     | Found a shimmering altar of Xom.
 13320 | D:13     | Noticed a two-headed ogre
 13325 | D:13     | Killed a two-headed ogre
 13539 | D:13     | Noticed a two-headed ogre
 13544 | D:13     | Killed a two-headed ogre
 13544 | D:13     | Reached skill level 14 in Axes
 13544 | D:13     | Reached XP level 13. HP: 57/85 MP: 13/13
 13977 | Lair:1   | Entered Level 1 of the Lair of Beasts
 14123 | Lair:1   | Noticed Prince Ribbit
 14138 | Lair:1   | Found a shimmering altar of Xom.
 14174 | Lair:1   | Killed Prince Ribbit
 14757 | Lair:1   | Noticed Maggie
 14774 | Lair:1   | Killed Maggie
 15355 | Lair:2   | Found a staircase to the Swamp.
 16053 | Lair:3   | Received a gift from Trog
 16056 | Lair:3   | Got a slimy bardiche {god gift}
 16197 | Lair:3   | Reached skill level 15 in Axes
 16403 | Lair:3   | Noticed Rupert
 16423 | Lair:3   | Killed Rupert
 17136 | Lair:4   | Found a hole to the Spider Nest.
 17175 | Lair:4   | Found a frozen archway.
 17198 | IceCv    | Entered an ice cave
 17580 | IceCv    | Found an ancient bone altar of Kikubaaqudgha.
 17817 | IceCv    | Gained mutation: Your large and strong wings let you fly
                  | indefinitely. [Gargoyle growth]
 17817 | IceCv    | Reached XP level 14. HP: 80/92 MP: 14/14
 17871 | IceCv    | Received a gift from Trog
 18928 | Lair:5   | Reached skill level 16 in Axes
 19068 | Lair:5   | Found a transporter.
 19468 | Lair:5   | Found a transporter.
 19487 | Lair:5   | Noticed Vapoigau's ghost (journeyman HOFi)
 19505 | Lair:5   | Found the +10 morningstar "Eos" {elec, Halo rElec}
 19521 | Lair:5   | Found a staircase to the Slime Pits.
 19898 | Lair:6   | Entered Level 6 of the Lair of Beasts
 20087 | Lair:6   | Identified the +10 bardiche of Judgement {flame, MR++}
                  | (Trog gifted it to you on level 3 of the Lair of Beasts)
 20129 | Lair:6   | Reached skill level 10 in Armour
 20421 | Lair:6   | Received a gift from Trog
 20518 | Lair:6   | Identified the amulet "Esaur" {Acrobat *Corrode +Blink
                  | Int+4 Stlth+}
 21419 | Swamp:1  | Entered Level 1 of the Swamp
 21427 | Lair:2   | Reached XP level 15. HP: 58/96 MP: 15/15
 21906 | Swamp:1  | Reached skill level 10 in Evocations
 22008 | Swamp:1  | Reached skill level 17 in Axes
 22760 | Swamp:2  | Received a gift from Trog
 23122 | Swamp:2  | Found a runed translucent gate.
 23122 | Swamp:2  | Found a runed translucent gate.
 23122 | Swamp:2  | Found a runed translucent gate.
 23122 | Swamp:2  | Noticed Siahiq's ghost (adept GrEE)
 23124 | Swamp:2  | Noticed a thorn hunter
 23136 | Swamp:2  | Killed a thorn hunter
 23458 | Swamp:2  | Reached skill level 18 in Axes
 23669 | Swamp:2  | Noticed Frances
 23680 | Swamp:2  | Killed Frances
 23943 | Swamp:2  | Noticed a thorn hunter
 23957 | Swamp:2  | Killed a thorn hunter
 24729 | Swamp:3  | Noticed a thorn hunter
 24732 | Swamp:3  | Noticed a thorn hunter
 24853 | Swamp:3  | Killed a thorn hunter
 25102 | Swamp:3  | Reached XP level 16. HP: 101/101 MP: 16/16
 25305 | Swamp:4  | Entered Level 4 of the Swamp
 25331 | Swamp:3  | Killed a thorn hunter
 25961 | Swamp:4  | Received a gift from Trog
 25982 | Swamp:4  | Got an encrusted hand axe {god gift}
 26342 | Swamp:4  | Noticed a thorn hunter
 26358 | Swamp:4  | Killed a thorn hunter
 26839 | Swamp:4  | Noticed a thorn hunter
 26857 | Swamp:4  | Killed a thorn hunter
 27056 | Swamp:4  | Got a decaying rune of Zot
 27503 | Orc:1    | Entered Level 1 of the Orcish Mines
 27534 | Orc:1    | Paralysed by an ogre mage for 7 turns
 27787 | Orc:1    | Found Yblokor's Assorted Antiques.
 27797 | Orc:1    | Bought a scroll of magic mapping for 94 gold pieces
 27825 | Orc:1    | Found a transporter.
 27832 | Orc:1    | Found a transporter.
 27976 | Orc:1    | Identified the +2 great mace of Ojum {speed, Dex+4}
 27985 | Orc:1    | Noticed Finra's ghost (journeyman GrBe)
 27986 | Orc:1    | Found a bloodstained altar of Trog.
 28159 | Orc:2    | Entered Level 2 of the Orcish Mines
 28172 | Orc:2    | Received a gift from Trog
 28687 | Orc:2    | Reached skill level 19 in Axes
 28990 | Orc:2    | Found Veolepi's General Store.
 28990 | Orc:2    | Found Imisarpho's Distillery.
 28991 | Orc:2    | Found Dafaaqom's Jewellery Shoppe.
 28994 | Orc:2    | Found Ituwaj's Antique Weapon Emporium.
 28997 | Orc:2    | Bought a scroll of identify for 28 gold pieces
 29003 | Orc:2    | Bought a +6 ring of strength for 643 gold pieces
 29004 | Orc:2    | Bought a potion of berserk rage for 50 gold pieces
 29004 | Orc:2    | Bought a potion of curing for 30 gold pieces
 29004 | Orc:2    | Bought a potion of ambrosia for 80 gold pieces
 29004 | Orc:2    | Bought a potion of heal wounds for 50 gold pieces
 29004 | Orc:2    | Bought 2 potions of curing for 60 gold pieces
 29004 | Orc:2    | Bought a potion of heal wounds for 50 gold pieces
 29004 | Orc:2    | Bought a potion of curing for 30 gold pieces
 29113 | Orc:2    | Found a staircase to the Elven Halls.
 29451 | Orc:1    | Bought a glowing broad axe for 189 gold pieces
 29542 | D:13     | Found a gate to the Vaults.
 29614 | D:13     | Received a gift from Trog
 29617 | D:13     | Identified the +11 hand axe of Uncertain Death {flame, rN+}
                  | (Trog gifted it to you on level 4 of the Swamp)
 29734 | D:13     | Reached XP level 17. HP: 106/109 MP: 15/17
 30472 | D:14     | You are sucked into a shaft and drop 1 floor!
 30472 | D:15     | Entered Level 15 of the Dungeon
 30550 | D:15     | Found Ehiomm's Eclectic Emporium.
 30562 | D:15     | Bought a potion of experience for 600 gold pieces
 30562 | D:15     | Bought a +0 executioner's axe for 120 gold pieces
 30988 | D:15     | Received a gift from Trog
 31111 | D:15     | Found a staircase to the Depths.
 31358 | D:15     | Found Hiep's Magic Scroll Shop.
 31364 | D:15     | Bought a scroll of identify for 38 gold pieces
 31364 | D:15     | Bought a scroll of identify for 38 gold pieces
 31364 | D:15     | Bought a scroll of teleportation for 57 gold pieces
 31394 | D:15     | Noticed Kirke
 31410 | D:15     | Killed Kirke
 31954 | Spider:1 | Entered Level 1 of the Spider Nest
 31998 | Spider:1 | Received a gift from Trog
 32009 | Spider:1 | Got a warped war axe {god gift}
 32015 | Spider:1 | Identified the +7 war axe of Watchfulness {flame, +Inv rC-
                  | Int+3} (Trog gifted it to you on level 1 of the Spider
                  | Nest)
 32152 | Spider:1 | Reached skill level 5 in Dodging
 32172 | Spider:1 | HP: 3/110 [jumping spider (4)]
 33045 | Spider:2 | Noticed Jorgrun
 33370 | Spider:2 | Killed Jorgrun
 33421 | Spider:2 | Reached XP level 18. HP: 116/116 MP: 18/18
 33434 | Spider:2 | HP: 3/116 [disintegration (35)]
 34009 | Spider:3 | Noticed Aizul
 34023 | Spider:3 | Killed Aizul
 34192 | Spider:3 | Noticed Arachne
 34211 | Spider:3 | Killed Arachne
 34283 | Spider:3 | Received a gift from Trog
 34718 | Spider:3 | Reached skill level 20 in Axes
 34861 | Spider:4 | Entered Level 4 of the Spider Nest
 35782 | Spider:4 | Noticed Donald
 35799 | Spider:4 | Killed Donald
 35840 | Spider:4 | HP: 3/117 [redback (16)]
 35841 | Spider:4 | Slain by an emperor scorpion

Illustrated notes

Levels and vault maps discovered:
D:1:      roderic_dead_forest, layout_basic
D:2:      layout_rooms, kennysheep_generic_room_12
D:3:      layout_basic, lemuel_doored_altar, gammafunk_temple_overflow_arena,
          overflow_temple_1_default, minmay_misc_feat_x,
          nemelex_lonely_heart_becter, uniq_terence, uniq_ijyb
D:4:      layout_cave_pods, vehumet_crystals, serial_forest,
          infiniplex_forest_lined_2, infiniplex_forest_lined_2,
          infiniplex_forest_diagonal, infiniplex_forest_end_2,
          infiniplex_forest_straight_2, serial_shops, nicolae_shop_waterfront,
          nicolae_ossuary_entry_giza
D:5:      cheibrodos_two_vegetables, layout_basic,
          nemelex_xobeh_ov_fountains_minmay, serial_shops, nicolae_shop_crystal,
          nicolae_shop_stone, shop, kennysheep_cluttered_room
D:6:      gammafunk_wand_slinger, layout_rooms, gup_sewer_entry_bubbles,
          serial_shops, shop, uniq_crazy_yiuf_cottage
D:7:      layout_loops_corners, overflow_temple_1_default,
          minmay_temple_entry_sparse_star, minivault_4, minmay_misc_feat_rows
D:8:      layout_cave_pools, lemuel_round_altar
D:9:      layout_roguey, overflow_temple_1_default, david_lair_generic
D:10:     layout_cave_pools
D:11:     layout_loops_ring
D:12:     layout_rooms, david_orc_5, serial_shops, nicolae_shop_waterfront,
          uniq_nergalle, uniq_josephine, uniq_fannar
D:13:     layout_basic, david_vaults_1, xom_shifter_show
D:14:     layout_loops_ring, chequers_hall_statues_wall_a
D:15:     grunt_enter_depths_magical_seal, layout_basic, chequers_mini_garden,
          serial_shops, shop, hangedman_abyss_or_decor_jellyfish_corner,
          nicolae_alphabet_shops, uniq_kirke
Lair:1:   layout_long_grid, basic_altar, roderic_batcave, uniq_prince_ribbit2,
          uniq_maggie
Lair:2:   layout_chaotic_city, skrybe_swamp_entry_bodies
Lair:3:   layout_cave_pods, minmay_lair_oklob_chamber, uniq_rupert
Lair:4:   layout_gridlike, nicolae_spider_entry_non_spiders,
          portal_ice_cave_entry_pillars_1
Lair:5:   layout_regular_city, slime_dummy, gammafunk_ghost_berserking_beasts,
          chequers_serial_rivers_large_b, grunt_megastairs_2,
          infiniplex_staircase_pool_2
Lair:6:   minmay_lair_end_enchanted_forest, layout_big_grid, minivault_25
Swamp:1:  layout_falls_marsh, evilmike_swamp_ruin_house_2, swamp_pool4
Swamp:2:  layout_basic_swamp, ebering_ghost_rock_garden,
          evilmike_swamp_ruin_rubble_1, swamp_pool2, uniq_frances
Swamp:3:  layout_falls_marsh, nicolae_swamp_very_dense_foliage, swamp_pool1,
          nicolae_swamp_feature_on_the_river_bank
Swamp:4:  swamp_basic_johnstein, layout_basic_swamp
Spider:1: layout_spider_delve
Spider:2: layout_spider_delve, hangedman_spider_tarantella_strand, uniq_jorgrun
Spider:3: layout_spider_delve, uniq_aizul, uniq_arachne
Spider:4: grunt_spider_rune_circles, uniq_donald
Orc:1:    layout_caves, serial_shops, nicolae_shop_crystal,
          gammafunk_ghost_wrathful_warriors
Orc:2:    st_orc_mages, layout_caves, nicolae_orc_damp_corner

Skill      XL: |  1  2  3  4  5  6  7  8  9 10 11 12 13 14 15 16 17 18 |
---------------+-------------------------------------------------------+-----
Axes           | 3 4 5 7 9 11 12 14 15 16 18 19 20 | 20.2
Dodging        | 2 4 5 6 |  6.1
Armour         | 3 4 5 6 7 9 10 11 12 13 | 13.2
Fighting       | 4 5 6 8 9 10 11 12 13 14 | 14.6
Shields        | 1 2 4 |  4.1
Evocations     | 2 4 5 6 9 10 11 12 | 12.1

Action                   |  1- 3 |  4- 6 |  7- 9 | 10-12 | 13-15 | 16-18 || total
-------------------------+-------+-------+-------+-------+-------+-------++-------
Melee: Hand axe          |    86 |   277 |   105 |       |       |       ||   468
       War axe           |       |       |   546 |   239 |       |       ||   785
       Broad axe         |       |       |       |   366 |  1219 |  1380 ||  2965
Invok: Berserk           |     2 |     6 |     9 |    23 |    19 |    27 ||    86
       Trog's Hand       |       |       |     3 |     6 |     5 |    15 ||    29
       Brothers in Arms  |       |       |       |       |       |     3 ||     3
 Abil: Fly               |       |       |       |       |     1 |       ||     1
Evoke: Wand              |       |       |     1 |     2 |       |    12 ||    15
  Use: Scroll            |       |       |    13 |     8 |    10 |     8 ||    39
       Potion            |       |       |       |       |       |     2 ||     2
 Stab: Confused          |       |       |       |       |     5 |     1 ||     6
       Paralysed         |       |       |       |       |       |    13 ||    13
Armor: Animal skin       |    43 |       |       |       |       |       ||    43
       Plate armour      |     2 |   228 |   482 |   607 |   921 |  1114 ||  3354
Dodge: Dodged            |    83 |    93 |   180 |   213 |   328 |   793 ||  1690
Block: Kite shield       |       |    33 |   370 |   340 |   627 |   993 ||  2363

Table legend: (Time is in decaauts)
 A = Elapsed time spent in this place.
 B = Non-inter-level travel time spent in this place.
 C = Inter-level travel time spent in this place.
 D = Time resting spent in this place.
 E = Time spent auto-exploring this place.
 F = Levels seen in this place.
 G = Mean time per level.
                   A        B        C        D        E       F      G
               +--------+--------+--------+--------+--------+-----+--------+
         Total |  36525 |  34807 |   1718 |   2439 |  24168 |  34 | 1074.3 |
       Dungeon |  16279 |  15340 |    939 |    722 |  10672 |  15 | 1085.3 |
          Lair |   6867 |   6463 |    404 |    142 |   5229 |   6 | 1144.5 |
         Swamp |   5815 |   5631 |    184 |    560 |   4132 |   4 | 1453.8 |
   Spider Nest |   3860 |   3774 |     86 |    832 |   1786 |   4 |  965.0 |
  Orcish Mines |   1962 |   1859 |    103 |    183 |   1284 |   2 |  981.0 |
         Sewer |    426 |    426 |      0 |      0 |    127 |   1 |  426.0 |
       Ossuary |    391 |    391 |      0 |      0 |    265 |   1 |  391.0 |
      Ice Cave |    921 |    921 |      0 |      0 |    671 |   1 |  921.0 |
               +--------+--------+--------+--------+--------+-----+--------+

Top non-repeatable levels by time:
 Swamp:4: 1758 daAuts
 Swamp:2: 1683 daAuts
     D:9: 1568 daAuts
    D:12: 1482 daAuts
  Lair:6: 1405 daAuts
 Swamp:3: 1296 daAuts
     D:4: 1279 daAuts
Spider:1: 1251 daAuts
    D:13: 1250 daAuts
    D:11: 1240 daAuts
  Lair:2: 1214 daAuts
  Lair:3: 1137 daAuts
  Lair:1: 1133 daAuts
    D:10: 1115 daAuts
Spider:3: 1108 daAuts
